 Dungeon Crawl Stone Soup version 0.30.1-11-g7821555f0a (webtiles) character file.

Game seed: 14931053584805557938

1991 Bronimir the Ruffian (level 9, -2/79 HPs)
             Began as a Troll Earth Elementalist on Jan 3, 2024.
             Was a Follower of Makhleb.
             Slain by a two-headed ogre
             ... wielding a +0 giant club
              (21 damage)
             ... on level 6 of the Dungeon.
             The game lasted 00:15:13 (4044 turns).

Bronimir the Ruffian (Troll Earth Elementalist)     Turns: 4044, Time: 00:15:14

Health: -2/79      AC: 15    Str: 22    XL:     9   Next: 1%
Magic:  10/10      EV: 10    Int: 11    God:    Makhleb [*.....]
Gold:   296        SH:  0    Dex: 10    Spells: 5/11 levels left

rFire   . . .        P - +0 giant spiked club
rCold   . . .        (shield currently unavailable)
rNeg    . . .        J - +0 troll leather armour {Pargi}
rPois   .            (helmet restricted)
rElec   .            v - +0 cloak
rCorr   .            (gloves unavailable)
SInv    .            (boots unavailable)
Will    .....        n - amulet of faith
Stlth   +            l - +4 ring of protection
HPRegen 1.93/turn    s - +4 ring of protection
MPRegen 0.12/turn

%: faith
@: no status effects
A: large, unfitting armour, claws 3, regeneration 1, shaggy fur 1, tough skin 1
a: Renounce Religion


You were on level 6 of the Dungeon.
You worshipped Makhleb.
Makhleb was aware of your devotion.
You visited 2 branches of the dungeon, and saw 7 of its levels.
You also visited: Sewer.

You collected 296 gold pieces.

Inventory:

Hand Weapons
 u - a +3 quarterstaff of chaos
 D - a +0 flail
 P - a +0 giant spiked club (weapon)
Missiles
 c - 24 poisoned darts
 t - 53 stones
Armour
 a - a +0 robe
 v - a +0 cloak (worn)
 J - a +0 troll leather armour (worn) {Pargi}
Jewellery
 l - a +4 ring of protection (left claw)
 m - a +6 ring of strength
 n - an amulet of faith (around neck)
 p - a ring of resist corrosion
 s - a +4 ring of protection (right claw)
Wands
 A - a wand of paralysis (9)
 G - a wand of digging (4)
 L - a wand of quicksilver (3)
Scrolls
 e - a scroll of magic mapping
 j - 3 scrolls of amnesia
 o - 2 scrolls of vulnerability
 x - a scroll of identify
 y - a scroll of enchant armour {unknown}
 z - 2 scrolls of teleportation
 C - a scroll of fog
 N - a scroll of blinking {unknown}
Potions
 b - a potion of magic
 f - 2 potions of resistance
 g - 6 potions of invisibility
 h - a potion of lignification
 i - 2 potions of degeneration
 k - 2 potions of haste
 r - a potion of curing
 B - a potion of cancellation
 F - a potion of berserk rage {unknown}
 H - 3 potions of might
 I - a potion of attraction {unknown}
 K - 2 potions of brilliance {unknown}
 M - a potion of heal wounds {unknown}


   Skills:
 + Level 1.8 Fighting
 * Level 3.6 Maces & Flails
 + Level 1.5 Armour
 * Level 5.0 Dodging
 - Level 1.2 Stealth
 + Level 6.0 Unarmed Combat
 + Level 1.8 Spellcasting
 + Level 0.7 Transmutations
 * Level 4.9 Earth Magic
 * Level 2.3 Invocations


You had 5 spell levels left.
You knew the following spells:

 Your Spells              Type           Power      Damage    Failure   Level
a - Sandblast             Erth           22%        2d7       4%          1
b - Passwall              Tmut/Erth      5%         N/A       16%         2
c - Stone Arrow           Conj/Erth      12%        3d7       36%         3

Your spell library contained the following spells:

 Spells                   Type           Power      Damage    Failure   Level
 Freeze                   Ice            0%         1d3       34%         1
 Frozen Ramparts          Ice            0%         1d1       71%         3
 Hailstorm                Conj/Ice       0%         3d3       71%         3
 Petrify                  Tmut/Erth      7%         N/A       71%         4
 Summon Lightning Spire   Summ/Air       0%         N/A       98%         4
 Storm Form               Tmut/Air       0%         N/A       100%        7
 Maxwell's Capacitive Co  Air            0%         ∞         100%        8


Dungeon Overview and Level Annotations

Branches:
Dungeon (6/15)             Temple (1/1) D:5           Sewer (visited)

Altars:
Ashenzari
Cheibriados
Elyvilon
Gozag
Hepliaklqana
Kikubaaqudgha
Makhleb
Okawaru
Qazlal
Ru
Trog
Uskayaw
Vehumet
Wu Jian
Xom
Yredelemnul
Zin
The Shining One

Shops:
D:5 (


Innate Abilities, Weirdness & Mutations

You are too large for most types of armour.
You have claws for hands.
Your natural rate of healing is unusually fast.
You are covered in fur. (AC +1)
You have tough skin. (AC +1)


Message History

Makhleb accepts your kill.
There is an open door, spattered with blood here.
Things that are here:
a +0 club; a +0 giant club; an orc corpse You pick up a book of the Sky and begin reading...
You add the spells Summon Lightning Spire, Storm Form and Maxwell's Capacitive Coupling to your library.
There is an open door, spattered with blood here.
Things that are here:
a +0 club; a +0 giant club; an orc corpse
t - 53 stones (gained 3)
There is a huge open gate, spattered with blood here.
You see here a +0 club.
There is an open door here.
A two-headed ogre comes into view.
It is wielding a +0 giant club and a +0 giant spiked club.
There is an open door here.
Found 5 stones.
The two-headed ogre shouts in stereo!
You hear a shout!
A gnoll comes into view. It is wielding a +0 whip.
You barely miss the two-headed ogre.
The two-headed ogre hits you with a +0 giant club!
The two-headed ogre hits you with a +0 giant spiked club!
You puncture the two-headed ogre!
The two-headed ogre is lightly wounded.
The two-headed ogre hits you but does no damage.
The two-headed ogre hits you with a +0 giant spiked club!
You impale the two-headed ogre!!
The two-headed ogre is severely wounded.
The two-headed ogre closely misses you.
The two-headed ogre hits you with a +0 giant spiked club.
You sock the two-headed ogre!
The two-headed ogre is almost dead.
The two-headed ogre hits you with a +0 giant club!
The two-headed ogre closely misses you.
You barely miss the two-headed ogre.
The two-headed ogre is almost dead.
The two-headed ogre hits you with a +0 giant club!!
* * * LOW HITPOINT WARNING * * *
The two-headed ogre barely misses you.
The two-headed ogre hits you with a +0 giant club!!
You die...

.^.##.#.....P...............)....
......#....~~~~~~~~~~~~~~~~≈≈~...
...####....~~≈≈≈≈≈≈≈≈~≈≈≈≈≈≈≈≈...
...# #....~≈#####≈~~~≈~~≈≈~~~...
...# #....~≈#...# ..............
...# #....~~#...#############'''
#### #...P≈~# #'#...........#...
#....~≈≈.#.'...........'...
#....~≈~.#@#...........#...
#....~≈~.#O################
#....~≈~.#g( #... #.### #.# ..
#.# .. #'# .'


You could see a two-headed ogre and a gnoll.

Vanquished Creatures
  Pargi (Sewer)
  A black bear (D:5)
  5 ogres
  A bullfrog (D:6)
  Blork the orc (D:4)
  3 howler monkeys (D:6)
  A jelly (D:6)
  2 orc priests (D:6)
  4 hounds
  Crazy Yiuf (D:2)
  4 gnoll boudas (D:6)
  Jessica (D:2)
  5 iguanas (D:5)
  2 sleepcaps
  Ijyb (D:4)
  Natasha (thrice) (D:2)
  6 orc wizards
  Robin (D:3)
  13 gnolls
  5 adders
  A river rat (D:4)
  A shadow imp (D:6)
  3 worms
  5 dart slugs
  17 orcs
  8 ball pythons
  10 endoplasms
  4 giant cockroaches
  16 goblins
  9 hobgoblins
  4 kobolds
  2 quokkas
  3 bats
  6 frilled lizards
  5 rats
155 creatures vanquished.

Notes
Turn   | Place    | Note
-------+----------+-------------------------------------------
     0 | D:1      | Bronimir the Troll Earth Elementalist began the quest for
                  | the Orb.
     0 | D:1      | Reached XP level 1. HP: 16/16 MP: 1/1
    97 | D:1      | Reached XP level 2. HP: 23/24 MP: 2/2
   211 | D:1      | Found a faded altar of an unknown god.
   367 | D:1      | Reached XP level 3. HP: 28/31 MP: 4/4
   535 | D:2      | Reached skill level 1 in Unarmed Combat
   657 | D:2      | Noticed Natasha
   666 | D:2      | Killed Natasha
   667 | D:2      | Reached XP level 4. HP: 39/39 MP: 0/5
   772 | D:2      | Reached skill level 2 in Unarmed Combat
   792 | D:2      | Noticed Natasha
   798 | D:2      | Killed Natasha
   818 | D:2      | Noticed an ogre
   829 | D:2      | Killed an ogre
   830 | D:2      | Reached skill level 3 in Unarmed Combat
   830 | D:2      | Reached XP level 5. HP: 44/46 MP: 3/6
   978 | D:2      | Noticed Natasha
   984 | D:2      | Killed Natasha
  1062 | D:2      | Noticed Jessica
  1072 | D:2      | Killed Jessica
  1073 | D:2      | Reached XP level 6. HP: 54/54 MP: 7/7
  1244 | D:2      | Found a runed translucent door.
  1245 | D:2      | Noticed Crazy Yiuf
  1252 | D:2      | Killed Crazy Yiuf
  1373 | D:3      | Found a basalt altar of Yredelemnul.
  1739 | D:3      | Noticed Robin
  1746 | D:3      | Killed Robin
  2075 | D:4      | Reached skill level 4 in Unarmed Combat
  2089 | D:4      | Learned a level 2 spell: Passwall
  2093 | D:4      | Learned a level 3 spell: Stone Arrow
  2205 | D:4      | Reached skill level 1 in Maces & Flails
  2284 | D:4      | Noticed Blork the orc
  2303 | D:4      | Killed Blork the orc
  2304 | D:4      | Reached skill level 1 in Fighting
  2520 | D:4      | Found a glowing drain.
  2524 | Sewer    | Entered a sewer
  2540 | Sewer    | Noticed Pargi
  2549 | Sewer    | Reached XP level 7. HP: 49/62 MP: 5/8
  2554 | Sewer    | Killed Pargi
  2770 | D:4      | Found a white marble altar of Elyvilon.
  2773 | D:4      | Found a shimmering altar of Xom.
  2776 | D:4      | Found an opulent altar of Gozag.
  2809 | D:5      | Entered Level 5 of the Dungeon
  2809 | D:5      | Noticed Ijyb
  2809 | D:5      | Found Kazeq's Weapon Shoppe.
  2832 | D:4      | Killed Ijyb
  2924 | D:5      | Found a staircase to the Ecumenical Temple.
  2971 | Temple   | Entered the Ecumenical Temple
  3075 | Temple   | Became a worshipper of Makhleb the Destroyer
  3155 | D:5      | Reached skill level 5 in Unarmed Combat
  3156 | D:5      | Identified the +1 ring mail "Daowuhok" {Str+3 Int-4 Dex+2}
  3546 | D:6      | Reached XP level 8. HP: 68/70 MP: 9/9
  3653 | D:6      | Found a hazy altar of Hepliaklqana.
  3653 | D:6      | Found a broken altar of Ashenzari.
  3684 | D:6      | Reached skill level 1 in Invocations
  3742 | D:6      | Reached skill level 1 in Armour
  3754 | D:6      | Reached * piety under Makhleb
  3932 | D:6      | Reached skill level 6 in Unarmed Combat
  3990 | D:6      | Reached skill level 5 in Dodging
  3990 | D:6      | Reached XP level 9. HP: 79/79 MP: 10/10
  4038 | D:6      | Noticed a two-headed ogre
  4044 | D:6      | Slain by a two-headed ogre

Illustrated notes

Levels and vault maps discovered:
D:1:      heliophobic_arrival_henge, layout_rooms,
          shapermc_ecumenical_altar_mp_urbaneastern
D:2:      layout_rooms, uniq_natasha, uniq_crazy_yiuf_cottage, uniq_jessica
D:3:      layout_loops_cross, nicolae_overflow_hidden_temple, uniq_robin
D:4:      layout_rooms, grunt_temple_overflow_diamond, gup_sewer_entry_bowl,
          uniq_blork_the_orc
D:5:      layout_rooms, minmay_temple_entry_large_hall, serial_shops, shop,
          uniq_ijyb
D:6:      lemuel_castle_with_subvaults [lemuel_castle_interior_carwin_1],
          layout_rooms, lemuel_tele_altar, gammafunk_temple_overflow_elements,
          uniq_grinder
Temple:   nicolae_temple_x_marks_the_god

Skill      XL: |  1  2  3  4  5  6  7  8 |
---------------+-------------------------+-----
Earth Magic    | 3 4 |  4.9
Dodging        | 2 3 4 5 |  5.0
Unarmed Combat | 1 3 4 5 6 |  6.0
Maces & Flails | 1 3 |  3.6
Fighting       | 1 |  1.8
Invocations    | 2 |  2.3
Armour         | 1 |  1.5
Stealth        | |  1.2
Spellcasting   | |  1.8
Transmutations | |  0.7

Action                     |  1- 3 |  4- 6 |  7- 9 || total
---------------------------+-------+-------+-------++-------
  Melee: Unarmed           |   115 |   181 |   259 ||   555
         Punch             |     2 |     2 |     7 ||    11
         Giant club        |       |       |    70 ||    70
         Giant spiked club |       |       |    45 ||    45
   Cast: Sandblast         |     7 |     6 |     6 ||    19
    Use: Potion            |       |     7 |       ||     7
         Scroll            |       |       |     9 ||     9
   Stab: Sleeping          |     1 |     3 |       ||     4
 Armour: Robe              |    42 |    87 |     9 ||   138
         Skin              |       |     7 |       ||     7
         Troll leather arm |       |       |   266 ||   266
  Dodge: Dodged            |    66 |    84 |   164 ||   314
